 Seeded DCSS version 0.29.1-13-g9f3cf754e1 (webtiles) character file.

Game seed: 16245865983455551772 (custom seed)

74 OTABOTABOTAB the Insei (level 4, 0/28 HPs)
             Began as an Octopode Transmuter on Jan 24, 2023.
             Slain by an orc priest
             ... wielding a +0 dagger
              (3 damage)
             ... on level 3 of the Dungeon.
             The game lasted 00:03:11 (2376 turns).

OTABOTABOTAB the Insei (Octopode Transmuter)        Turns: 2376, Time: 00:03:12

Health: 0/28       AC:  3    Str:  9    XL:     4   Next: 30%
Magic:  7/7        EV: 12    Int: 37    God:
Gold:   122        SH:  7    Dex: 12    Spells: 1/7 levels left

rFire   + + +      SeeInvis .     - Unarmed
rCold   + . .      Faith    .   b - +3 warlock's mirror {reflect}
rNeg    . . .      Spirit   .   c - +2 hat of Limited Liability {rF++ Int+8}
rPois   .          Reflect  +   (no amulet)
rElec   .          Harm     .   a - ring "Eteqezu" {rF+ rC+}
rCorr   .          Rampage  .   I - +6 ring of intelligence
Will    .....                   h - +6 ring of intelligence
Stlth   ++........              (no ring)
HPRegen 0.09/turn               (no ring)
MPRegen 0.10/turn               (no ring)
                                (no ring)
                                (no ring)

@: no status effects
A: almost no armour, amphibious, 8 rings, camouflage 1, gelatinous body 1,
(nimble swimmer 1), tentacles
a: no special abilities


You were on level 3 of the Dungeon.
You visited 1 branch of the dungeon, and saw 3 of its levels.

You collected 122 gold pieces.

Inventory:

Missiles
 f - 2 poisoned darts
 s - 19 stones
Armour
 b - the +3 warlock's mirror (worn) {reflect}
   (You acquired it on level 1 of the Dungeon)

   It can block and reflect piercing ranged attacks and magical attacks against
   the wielder's willpower.
 c - the +2 hat of Limited Liability (worn) {rF++ Int+8}
   (You acquired it on level 1 of the Dungeon)

   Int:       It affects your intelligence (+8).
   rF:        It greatly protects you from fire.
Jewellery
 a - the ring "Eteqezu" (left tentacle) {rF+ rC+}
   (You acquired it on level 1 of the Dungeon)

   [ring of protection from fire]

   rF:        It protects you from fire.
   rC:        It protects you from cold.
 h - a +6 ring of intelligence (on tentacle)
   (You found it on level 1 of the Dungeon)
 I - a +6 ring of intelligence (right tentacle)
   (You found it on level 1 of the Dungeon)
Wands
 l - a wand of roots (4)
   (You found it on level 3 of the Dungeon)
Scrolls
 g - 2 scrolls of teleportation {unknown}
 i - a scroll of summoning {unknown}
 j - 2 scrolls of identify {unknown}
 k - a scroll of enchant weapon {unknown}
 m - a scroll of noise {unknown}
Potions
 d - a potion of might {unknown}
 e - 2 potions of flight {unknown}
 P - 2 potions of lignification {!q}


   Skills:
 - Level 1.0 Fighting
 - Level 2.0 Dodging
 + Level 1.4 Shields
 * Level 4.2 Unarmed Combat
 - Level 2.0 Spellcasting
 + Level 2.7 Transmutations


You had one spell level left.
You knew the following spells:

 Your Spells              Type           Power      Damage    Failure   Level
a - Beastly Appendage     Tmut           48%        N/A       1%          1
b - Wereblood             Tmut           24%        N/A       3%          2
c - Spider Form           Tmut/Pois      13%        N/A       11%         3

Your spell library contained the following spells:

 Spells                   Type           Power      Damage    Failure   Level
 Sting                    Tmut/Pois      52%        1d5       3%          1
 Poisonous Vapours        Pois/Air       6%         N/A       10%         2
 Ice Form                 Ice/Tmut       13%        N/A       36%         4
 Olgreb's Toxic Radiance  Pois           3%         N/A       54%         4
 Chain Lightning          Conj/Air       1%         3d2       100%        9
 Fire Storm               Conj/Fire      1%         8d1       100%        9
 Shatter                  Erth           1%         3d6*      100%        9


Dungeon Overview and Level Annotations

Branches:
Dungeon (3/15)

Altars:

Shops:
D:3 [


Innate Abilities, Weirdness & Mutations

You cannot wear most types of armour.
You are amphibious.
You can wear up to eight rings at the same time.
Your skin changes colour to match your surroundings (Stealth+).
Your rubbery body absorbs attacks. (AC +1, EV +1)
((You are camouflaged when in or above water. (Stealth+)))
You have tentacles for arms and can constrict up to eight enemies at once.


Message History

You tentacle-slap the hobgoblin but do no damage.
You squeeze the hobgoblin, but do no damage.
You constrict the hobgoblin. The hobgoblin hits you.
You take 1 damage, and have 27/28 hp.
You tentacle-slap the hobgoblin.
You kill the hobgoblin!
MP restored: 7 No target in view!
Your tentacle spike disappears.
The +2 hat of Limited Liability {rF++ Int+8} unmelds from your body.
You see here a hobgoblin corpse.
You now have 99 gold pieces (gained 8).
You open the door.
There is an open door here.
A rat comes into view.
Health restored: 28
Okay, then.
Unknown command.
A rat is nearby!
Unknown command.
The helpless rat fails to defend itself.
You tentacle-slap the rat.
You kill the rat!
No target in view!
No target in view!
j - 2 scrolls labelled DOIQEGH ICARY (gained 1)
You open the door.
Found a stone staircase leading down.
There is an open door here.
A frilled lizard comes into view.
A frilled lizard is nearby!
The helpless frilled lizard fails to defend itself.
You tentacle-slap the frilled lizard. Your grab misses the frilled lizard.
Your squeeze misses the frilled lizard. The frilled lizard bites you.
You take 2 damage, and have 26/28 hp.
You closely miss the frilled lizard. You grab the frilled lizard.
You squeeze the frilled lizard.
You kill the frilled lizard!
No target in view!
You now have 122 gold pieces (gained 23).
Found Ymmy Ciutu's Antique Armour Shoppe.
Health restored: 28
There is an entrance to Ymmy Ciutu's Antique Armour Shoppe here.
An endoplasm comes into view.
An endoplasm is nearby!
The helpless endoplasm fails to defend itself.
You tentacle-slap the endoplasm. The endoplasm barely misses you.
You tentacle-slap the endoplasm.
You kill the endoplasm!
No target in view!
An orc comes into view. It is wielding a +0 trident.
An orc is nearby!
A hobgoblin comes into view.
The orc hits you from afar with a +0 trident.
You take 4 damage, and have 24/28 hp.
One of your tentacles grows a vicious spike.
The +2 hat of Limited Liability {rF++ Int+8} melds into your body.
The hobgoblin shouts!
You hear a shout!
The orc barely misses you.
You now have 6/7 mp.
The orc hits you with a +0 trident.
You take 2 damage, and have 22/28 hp.
Unknown command.
You closely miss the orc. Your grab misses the orc.
Your tentacle spike misses the orc.
You squeeze the orc!
You kill the orc!
The hobgoblin hits you.
You take 4 damage, and have 18/28 hp.
You tentacle-slap the hobgoblin.
You kill the hobgoblin!
Unknown command.
No target in view!
No target in view!
Your tentacle spike disappears.
The +2 hat of Limited Liability {rF++ Int+8} unmelds from your body.
An orc priest comes into view. It is wielding a +0 dagger.
MP restored: 7 An orc priest is nearby!
Found an escape hatch in the floor.
You closely miss the orc priest. You grab the orc priest.
You constrict the orc priest. The orc priest closely misses you.
You tentacle-slap the orc priest but do no damage.
You constrict the orc priest.
The orc priest hits you with a +0 dagger.
You take 2 damage, and have 17/28 hp.
You tentacle-slap the orc priest. You squeeze the orc priest.
You constrict the orc priest.
The orc priest calls down the wrath of Beogh upon you.
Beogh smites you!
Ouch! That really hurt!
* * * LOW HITPOINT WARNING * * *
You take 15 damage, and have 2/28 hp.
MASSIVE DAMAGE!!
You are too injured to fight recklessly!
You are too injured to fight recklessly!
You are too injured to fight recklessly!
You tentacle-slap the orc priest but do no damage.
You constrict the orc priest.
The orc priest hits you with a +0 dagger.
You die...

.. #####.#####
.........# #######
#.#...#.## ....>
#..#.#...# ###..####
#...∩....# #.......#
#..#.#...#
..###.#..().###.#...#..#
......o@................
#...#.#.#######.#.######
# # #.........#... ..
############### ##


You could see an orc priest.

Vanquished Creatures
  Jessica (D:2)
  An adder (D:2)
  An orc (D:3)
  2 ball pythons (D:1)
  3 bats
  5 endoplasms
  2 goblins (D:1)
  6 hobgoblins
  4 kobolds
  3 quokkas (D:1)
  3 frilled lizards
  5 rats
36 creatures vanquished.

Notes
Turn   | Place    | Note
-------+----------+-------------------------------------------
     0 | D:1      | OTABOTABOTAB the Octopode Transmuter began the quest for
                  | the Orb.
     0 | D:1      | Reached XP level 1. HP: 13/13 MP: 3/3
    78 | D:1      | Identified 3 scrolls of acquirement
    78 | D:1      | Acquired the +3 warlock's mirror {reflect}
    78 | D:1      | Found the +3 warlock's mirror {reflect}
    85 | D:1      | Acquired the +2 hat of Limited Liability {rF++ Int+8}
    87 | D:1      | Acquired the ring "Eteqezu" {rF+ rC+}
   228 | D:1      | Found a faded altar of an unknown god.
   256 | D:1      | Reached XP level 2. HP: 16/18 MP: 3/5
   858 | D:1      | Learned a level 2 spell: Wereblood
  1170 | D:1      | Reached XP level 3. HP: 23/23 MP: 6/6
  1387 | D:2      | Learned a level 3 spell: Spider Form
  1436 | D:2      | Reached skill level 1 in Shields
  1724 | D:2      | Noticed Jessica
  1730 | D:2      | Killed Jessica
  1731 | D:2      | Reached skill level 4 in Unarmed Combat
  1731 | D:2      | Reached XP level 4. HP: 21/28 MP: 5/7
  2339 | D:3      | Found Ymmy Ciutu's Antique Armour Shoppe.
  2375 | D:3      | HP: 2/28 [orc priest/divine providence (15)]
  2376 | D:3      | Slain by an orc priest

Illustrated notes

Levels and vault maps discovered:
D:1:      minmay_arrival_hallway, layout_loops_corners, basic_ecumenical_altar,
          minmay_unequal
D:2:      layout_loops_ring, uniq_jessica
D:3:      layout_basic, serial_shops, nicolae_shop_advertising_works
          [nicolae_subvault_shop_adworks], minmay_shallow_snake_nest,
          uniq_natasha

Skill      XL: |  1  2  3 |
---------------+----------+-----
Shields        | 1 |  1.4
Unarmed Combat | 4 |  4.2
Fighting       | |  1.0
Dodging        | |  2.0
Spellcasting   | |  2.0
Transmutations | |  2.7

Action                   |  1- 3 |  4- 6 || total
-------------------------+-------+-------++-------
Melee: Unarmed           |    50 |    25 ||    75
       Constrict         |    11 |     7 ||    18
       Tentacles         |    10 |     7 ||    17
       Kick              |     6 |     4 ||    10
       Punch             |     1 |       ||     1
Throw: Stone             |     3 |       ||     3
 Cast: Beastly Appendage |    14 |     6 ||    20
 Abil: End Transformatio |    11 |     4 ||    15
  Use: Scroll            |     3 |       ||     3
 Stab: Sleeping          |     8 |     5 ||    13
Armor: Skin              |     5 |     1 ||     6
Dodge: Dodged            |    18 |     7 ||    25
Block: Buckler           |    14 |     3 ||    17
       Reflection        |     2 |       ||     2

Table legend: (Time is in decaauts)
 A = Elapsed time spent in this place.
 B = Non-inter-level travel time spent in this place.
 C = Inter-level travel time spent in this place.
 D = Time resting spent in this place.
 E = Time spent auto-exploring this place.
 F = Levels seen in this place.
 G = Mean time per level.
                   A        B        C        D        E       F      G
               +--------+--------+--------+--------+--------+-----+--------+
         Total |   2372 |   2244 |    128 |      0 |   1957 |   3 |  790.7 |
       Dungeon |   2372 |   2244 |    128 |      0 |   1957 |   3 |  790.7 |
               +--------+--------+--------+--------+--------+-----+--------+

Top non-repeatable levels by time:
     D:1: 1248 daAuts
     D:2: 834 daAuts
     D:3: 290 daAuts

Table legend:
 A = Kills in this place as a percentage of kills in entire the game.
 B = Kills by you in this place as a percentage of kills by you in the entire game.
 C = Kills by friends in this place as a percentage of kills by friends in the entire game.
 D = Other kills in this place as a percentage of other kills in the entire game.
 E = Experience gained in this place as a percentage of experience gained in the entire game.
 F = Experience gained in this place divided by the number of levels of this place that you have seen.
                   A       B       C       D       E      F
               +-------+-------+-------+-------+-------+----------------------
         Total | 100.0 | 100.0 |   N/A |   N/A | 100.0 |  35.7
       Dungeon | 100.0 | 100.0 |   N/A |   N/A | 100.0 |  35.7
               +-------+-------+-------+-------+-------+----------------------
